 Dungeon Crawl Stone Soup version 0.28.0-49-g6dfe1f597d (webtiles) character file.

Game seed: 14554546926626383435

29 H0rd4k the Charlatan (level 3, 0/26 HPs)
             Began as a Human Artificer on May 11, 2022.
             Slain by a ball python (1 damage)
             ... on level 1 of the Dungeon.
             The game lasted 00:01:29 (1670 turns).

H0rd4k the Charlatan (Human Artificer)              Turns: 1670, Time: 00:01:29

Health: 0/26       AC:  3    Str: 12    XL:     3   Next: 32%
Magic:  3/3        EV:  8    Int: 13    God:
Gold:   10         SH:  0    Dex: 13    Spells: 2/2 levels left

rFire   . . .      SeeInvis .   a - +0 club
rCold   . . .      Faith    .   (no shield)
rNeg    . . .      Spirit   .   b - +0 leather armour
rPois   .          Reflect  .   (no helmet)
rElec   .          Harm     .   (no cloak)
rCorr   .          Rampage  .   (no gloves)
Will    .....                   (no boots)
Stlth   +.........              (no amulet)
HPRegen 0.08/turn               (no ring)
MPRegen 0.08/turn               (no ring)

@: constricted
A: no striking features
a: no special abilities


You were on level 1 of the Dungeon.
You visited 1 branch of the dungeon, and saw 2 of its levels.

You collected 10 gold pieces.

Inventory:

Hand Weapons
 a - a +0 club (weapon)
Missiles
 f - 5 poisoned darts
Armour
 b - a +0 leather armour (worn)
Wands
 c - a wand of flame (15) (quivered)
 d - a wand of charming (15)
Scrolls
 g - a scroll of torment {unknown}
Miscellaneous
 e - a piece from Xom's chessboard (15/15)


   Skills:
 + Level 1.5 Fighting
 + Level 0.7 Maces & Flails
 + Level 2.2 Armour
 + Level 1.2 Dodging
 + Level 1.1 Stealth
 + Level 3.4 Evocations


You had 2 spell levels left.
You didn't know any spells.
Your spell library was empty.

Dungeon Overview and Level Annotations

Branches:
Dungeon (2/15)

Altars:

Annotations:
D:1 exclusion: downstairs


Message History

You hit the kobold but do no damage.
The endoplasm quivers.
The ball python hisses angrily.
The kobold barely misses you. The kobold completely misses you.
You closely miss the kobold.
The ball python bites you but does no damage.
The ball python barely misses you.
The kobold hits you with a +0 dagger of electrocution.
The ball python bites you. The ball python closely misses you.
The kobold hits you with a +0 dagger of electrocution.
You are electrocuted!
Ouch! That really hurt!
* * * LOW HITPOINT WARNING * * *
You climb upwards.
Level annotation: exclusion: downstairs
There is a stone staircase leading down here.
The ball python closely misses you. The ball python grabs you.
The ball python constricts you.
The kobold hits you with a +0 dagger of electrocution.
* * * LOW HITPOINT WARNING * * *
You escape the ball python's grasp.
The ball python bites you.
* * * LOW HITPOINT WARNING * * *
The ball python misses you. The ball python bites you.
* * * LOW HITPOINT WARNING * * *
The ball python misses you.
You barely miss the ball python.
The ball python bites you but does no damage.
The ball python grabs you. The ball python constricts you.
You aren't carrying any potions.
You hit the ball python.
The ball python is moderately wounded.
The ball python bites you but does no damage.
The ball python constricts you.
The ball python bites you but does no damage.
The ball python constricts you.
You hit the ball python.
The ball python is severely wounded.
The ball python bites you.
You die...

..#######.....##.#..#
.......##.....##..#.#
######.##.....###.#.#
###.......###.# #...#
..#.......# #.#
##..## ..#.......#
#.# #...# ..#.......#
#.# ##..# †.####.##.#
#.#####..# ### #.##.#
#...@SK.>#
#########.#
##########
..........#
###########


You could see a ball python and a kobold.

Vanquished Creatures
  2 dart slugs (D:1)
  2 ball pythons (D:1)
  2 bats (D:1)
  2 endoplasms (D:1)
  2 giant cockroaches
  A goblin (D:1)
  3 hobgoblins (D:1)
  3 kobolds
  2 quokkas
  2 rats
21 creatures vanquished.

Notes
Turn   | Place    | Note
-------+----------+-------------------------------------------
     0 | D:1      | H0rd4k the Human Artificer began the quest for the Orb.
     0 | D:1      | Reached XP level 1. HP: 15/15 MP: 1/1
   222 | D:1      | Reached XP level 2. HP: 21/21 MP: 2/2
  1155 | D:1      | Found a faded altar of an unknown god.
  1186 | D:1      | Reached XP level 3. HP: 18/26 MP: 3/3
  1667 | D:1      | HP: 1/26 [ball python (3)]
  1670 | D:1      | Slain by a ball python

Illustrated notes

Levels and vault maps discovered:
D:1:      dpeg_arrival_tiny_a, layout_basic, ebering_ecumenical_altar_rust
D:2:      layout_rooms, minmay_tiny_reverse_x

Action                   || total
-------------------------++-------
Melee: Club              ||   110
       Punch             ||     1
 Stab: Sleeping          ||     3
Armor: Leather armour    ||    36
Dodge: Dodged            ||    92
